Map: New Repugnancy LE

Players

pHARM - Winner!

  • Race: Zerg Zerg
  • League: Platinum
  • Spawn Location: 7:00

Nyaro

  • Race: Terran Terran
  • Spawn Location: 1:00

VOD

Have the link to the VOD?

Description

Time

  • Played on: Aug. 3, 2019, 2:43 a.m.
  • Length: 19:32
Show
View Real Time Build Order
Export as new Build Order

pHARM Zerg - Winner!

Build Orders: Hatch First 

Get SALT Encoding   

  12  0:01  Drone  
  13  0:20  Overlord  
  13  0:21  Drone  
  14  0:39  Drone  
  14  0:40  Drone  
  16  0:49  Drone  
  17  1:00  Hatchery  
  17  1:04  Drone  
  17  1:17  Spawning Pool  
  16  1:19  Drone x2  
  18  1:39  Extractor  
  17  1:40  Drone x2  
  19  1:47  Drone  
  21  2:01  Drone  
  21  2:11  Queen  
  23  2:20  Drone x3, Queen, Spine Crawler  
  27  2:24  Overlord  
  27  2:36  Drone  
  28  2:38  Overlord  
  28  2:44  Drone  
  28  2:45  Drone  
  30  2:54  Drone  
  31  2:59  Queen  
  31  3:01  Lair  
  33  3:14  Evolution Chamber  
  33  3:17  Drone x4  
  33  3:18  Drone  
  37  3:22  Roach Warren  
  36  3:32  Evolution Chamber  
  35  3:34  Drone  
  35  3:35  Drone x4  
  40  3:59  Zerg Missile Weapons Level 1  
  40  4:03  Extractor  
  40  4:04  Extractor  
  38  4:11  Overlord x2  
  38  4:12  Overlord  
  38  4:22  Glial Reconstitution  
  38  4:40  Drone  
  38  4:41  Drone x13  
  52  5:04  Roach x3  
  52  5:05  Overlord  
  58  5:16  Overlord x3  
  56  5:24  Overlord x2  
  54  5:37  Roach x4  
  54  5:40  Overlord x2  
  62  5:49  Queen x2  
  60  5:51  Roach x2  
  60  5:56  Roach x3  
  72  6:04  Roach x3  
  76  6:16  Spine Crawler x2  
  76  6:17  Roach x3  
  80  6:21  Roach x3  
  86  6:32  Roach x2  
  90  6:38  Overlord  
  90  6:39  Overlord  
  88  6:55  Roach x4  
  92  7:10  Drone x6  
  90  7:19  Drone x3  
  90  7:20  Hatchery  
  66  7:33  Overseer  
  66  7:41  Roach x7  
  78  7:53  Roach x5  
  82  8:10  Roach  
  82  8:11  Roach x4  
  90  8:18  Roach  
  88  8:27  Roach  
  88  8:28  Roach  
  90  8:43  Roach Warren  
  90  8:44  Extractor  
  88  8:51  Queen  
  88  8:54  Hatchery  
  79  9:23  Roach  
  79  9:24  Roach x16  
  89  9:38  Overlord x2  
  89  9:52  Queen  
  91  9:55  Infestation Pit  
  90  10:05  Drone  
  90  10:06  Drone x10  
  93  10:11  Queen  
  93  10:13  Roach x7  
  95  10:34  Roach x5  
  95  10:35  Roach x3  
  93  10:45  Roach  
  93  10:46  Roach x3  
  91  10:57  Roach  
  91  10:58  Roach x10  
  105  11:06  Roach x5  
  109  11:15  Roach x2  
  111  11:25  Roach x8  
  117  11:26  Roach  
  117  11:29  Overlord x3  
  117  11:30  Overlord  
  117  11:38  Roach x5  
  101  11:47  Hive  
  101  11:51  Evolution Chamber x2  
  81  12:05  Drone  
  81  12:06  Drone x9  
  91  12:23  Hatchery, Extractor  
  91  12:24  Extractor  
  88  12:41  Queen  
  90  12:58  Hydralisk Den  
  89  13:05  Zerg Missile Weapons Level 2  
  89  13:06  Spire, Zerg Ground Armor Level 1  
  89  13:10  Roach x9  
  89  13:11  Roach  
  108  13:18  Drone x3  
  108  13:19  Drone  
  112  13:28  Hydralisk x2  
  112  13:29  Hydralisk  
  116  13:46  Roach  
  116  13:47  Roach x3  
  100  14:08  Roach x7  
  74  14:52  Greater Spire  
  74  14:59  Roach x13  
  98  15:15  Zerg Ground Armor Level 2  
  79  15:22  Roach x3  
  72  15:55  Hatchery  
  71  16:07  Drone x3  
  71  16:08  Drone x9  
  71  16:09  Corruptor x2  
  87  16:21  Roach x4  
  92  16:34  Roach x4  
  100  16:47  Brood Lord x2  
  104  17:06  Grooved Spines  
  104  17:12  Drone  
  104  17:13  Drone x3  
  108  17:16  Drone x3  
  108  17:18  Drone x4  
  115  17:37  Roach  
  115  17:38  Overlord x3, Roach x4  
  125  18:02  Hatchery  
  124  18:09  Hydralisk x6  
  124  18:10  Hydralisk x2  
  140  18:18  Muscular Augments  
  140  18:24  Queen  
  142  18:28  Overlord x3  
Show
View Real Time Build Order
Export as new Build Order

Nyaro Terran 

Build Orders: 2 Factory, Hellion Opening 

Get SALT Encoding   

  12  0:01  SCV  
  13  0:15  SCV  
  14  0:22  Supply Depot  
  14  0:27  SCV  
  15  0:43  SCV  
  15  0:45  Barracks  
  16  0:50  Refinery  
  16  0:53  Refinery  
  16  0:55  SCV  
  17  1:08  SCV  
  18  1:20  SCV  
  19  1:33  Supply Depot  
  19  1:36  Orbital Command  
  19  1:38  Barracks Reactor  
  19  1:48  Factory  
  19  2:02  SCV  
  19  2:06  Factory  
  20  2:14  SCV  
  21  2:26  SCV, Barracks Tech Lab  
  22  2:38  SCV  
  22  2:39  Hellion x2  
  27  2:44  Supply Depot  
  27  2:50  SCV  
  28  2:57  Barracks Tech Lab  
  28  3:00  Factory  
  28  3:02  Cyclone  
  31  3:11  Supply Depot  
  31  3:14  Hellion  
  35  3:20  Hellion  
  35  3:34  Cyclone  
  38  3:43  Hellion  
  38  3:44  Hellion  
  38  3:46  Supply Depot  
  42  3:52  Supply Depot  
  42  4:15  Cyclone x2  
  42  4:16  Hellion x2  
  52  4:37  Hellion  
  54  4:47  Cyclone x2  
  54  4:50  Hellion  
  62  4:56  Supply Depot  
  62  5:19  Cyclone  
  65  5:23  Cyclone  
  65  5:24  Hellion  
  70  5:52  Supply Depot  
  70  5:54  Supply Depot  
  70  6:14  Hellion, Cyclone  
  70  6:15  Supply Depot  
  70  6:18  Supply Depot  
  71  6:38  Cyclone  
  71  6:39  Hellion x2  
  78  6:41  Supply Depot  
  76  7:01  Cyclone  
  76  7:02  Hellion x2  
  78  7:10  Cyclone  
  77  7:23  Hellion  
  69  7:33  Cyclone  
  72  7:41  Command Center  
  72  7:42  Cyclone  
  73  8:05  Cyclone  
  72  8:16  Hellion, Cyclone  
  72  8:17  Hellion  
  73  8:39  Hellion, Cyclone  
  73  8:40  Hellion  
  80  8:48  Cyclone  
  77  9:01  Hellion  
  76  9:29  Orbital Command  
  71  9:32  Refinery  
  71  9:33  Cyclone x2  
  77  9:50  Hellion x2  
  81  10:05  Cyclone x2  
  76  10:22  Hellion x2  
  77  10:37  Cyclone x2  
  83  10:48  Hellion x2  
  85  11:09  Cyclone  
  85  11:10  Cyclone  
  85  11:13  Hellion x2  
  70  11:41  Cyclone  
  70  11:42  Cyclone  
  65  11:53  SCV x2  
  67  12:05  SCV x2  
  69  12:17  SCV  
  69  12:18  SCV  
  69  12:19  Cyclone  
  69  12:20  Hellion x2, Cyclone  
  81  12:29  SCV  
  82  12:30  SCV  
  83  12:42  SCV  
  84  12:45  SCV  
  85  12:52  Siege Tank  
  85  12:54  SCV  
  85  12:57  SCV  
  90  12:58  Cyclone  
  93  13:09  Hellion  
  93  13:10  Hellion  
  97  13:17  SCV x2  
  99  13:29  SCV x2  
  101  13:41  SCV  
  81  14:20  Cyclone x2  
  81  14:21  Hellion x2  
  86  14:43  Hellion  
  86  14:44  Hellion  
  87  14:50  Command Center  
  87  14:52  Cyclone, Command Center  
  90  14:53  Cyclone  
  93  15:05  Hellion  
  93  15:06  Engineering Bay  
  87  15:24  Cyclone  
  81  15:57  Armory  
  81  16:02  Orbital Command  
  81  16:13  Refinery  
  64  16:42  Orbital Command x2  
  64  16:44  Cyclone x2  
  64  16:45  Hellion  
  64  16:46  Hellion  
  74  16:56  Refinery  
  74  16:58  Refinery, SCV x2  
  76  17:07  Hellion x2  
  80  17:10  SCV x2  
  82  17:16  Cyclone  
  82  17:19  Cyclone, Orbital Command  
  82  17:21  SCV  
  82  17:22  SCV x2  
  91  17:28  Hellion x2  
  95  17:33  SCV  
  95  17:34  SCV  
  94  17:38  Starport  
  94  17:39  Starport  
  94  17:49  Hellion  
  94  17:50  Hellion  
  94  17:51  SCV  
  99  17:54  SCV  
  99  17:55  SCV  
  101  18:03  SCV  
  102  18:06  SCV  
  102  18:07  SCV  
  104  18:15  SCV  
  104  18:19  SCV x2  
  113  18:20  Thor x2  
  113  18:22  Hellion x2  
  119  18:27  SCV  
  119  18:31  SCV  
  119  18:32  SCV  
  122  18:35  Orbital Command  
  122  18:36  Refinery  
  122  18:39  Refinery, SCV  
  122  18:40  Starport Reactor  
  123  18:41  Starport Reactor  
  123  18:43  Hellion, SCV  
  123  18:44  Hellion, SCV  
  112  19:05  Hellion x2  
Tags
 
Add a new tag
Caveats
  • Supply blocks, unpowered buildings, or Contaminate may cause inaccurate times.
  • Supply counts are checked every 10 seconds.